Map: Moondance

Players

Grappler

  • Race: Protoss Protoss
  • League: Gold
  • Spawn Location: 12:00

samytheth - Winner!

  • Race: Terran Terran
  • League: Bronze
  • Spawn Location: 6:00

VOD

Have the link to the VOD?

Description

samytheth replay of gold

Time

  • Played on: Aug. 10, 2022, 8:37 p.m.
  • Length: 14:06
Show
View Real Time Build Order
Export as new Build Order

Grappler Protoss 

Build Orders: 1 Gate Expand 

Get SALT Encoding   

  12  0:00  Probe  
  13  0:12  Probe  
  14  0:18  Pylon  
  14  0:24  Probe  
  15  0:36  Probe  
  16  0:44  Gateway  
  16  0:47  Assimilator  
  16  0:54  Probe  
  17  1:07  Probe (Chrono Boost)  
  19  1:19  Probe (Chrono Boost)  
  19  1:25  Probe (Chrono Boost)  
  20  1:35  Nexus  
  20  1:40  Cybernetics Core  
  20  1:44  Probe  
  21  2:04  Probe  
  21  2:08  Assimilator  
  22  2:16  Probe  
  23  2:24  Pylon x2  
  23  2:42  Adept  
  25  2:45  Probe (Chrono Boost)  
  25  2:47  Probe (Chrono Boost)  
  26  2:57  Probe (Chrono Boost)  
  28  2:59  Warp Gate (Chrono Boost), Probe (Chrono Boost)  
  28  3:02  Probe (Chrono Boost)  
  29  3:07  Probe  
  29  3:10  Robotics Facility  
  30  3:12  Gateway  
  30  3:14  Probe  
  30  3:15  Twilight Council  
  31  3:20  Stalker  
  31  3:23  Probe  
  34  3:28  Probe  
  35  3:35  Probe  
  35  3:41  Probe  
  37  3:48  Probe  
  38  3:53  Probe  
  38  3:55  Sentry (Chrono Boost)  
  39  3:59  Shield Battery  
  39  4:00  Stalker (Chrono Boost), Probe  
  39  4:01  Shield Battery  
  44  4:04  Immortal (Chrono Boost)  
  46  4:21  Pylon  
  46  4:25  Gateway  
  46  4:37  Immortal (Chrono Boost)  
  50  4:43  Stalker x2  
  54  4:47  Probe  
  54  4:48  Probe  
  57  5:00  Charge (Chrono Boost), Probe  
  57  5:03  Gateway  
  57  5:05  Gateway  
  57  5:10  Sentry  
  57  5:13  Adept  
  62  5:14  Observer (Chrono Boost)  
  62  5:26  Pylon  
  62  5:29  Assimilator  
  62  5:31  Assimilator  
  62  5:34  Pylon  
  62  5:44  Probe  
  63  5:52  Robotics Bay  
  63  5:56  Pylon  
  63  6:00  Forge  
  63  6:01  Stalker  
  63  6:02  Stalker  
  63  6:03  Zealot x3  
  75  6:17  Nexus  
  75  6:37  Stalker x3  
  75  6:38  Stalker  
  81  6:58  Stalker  
  83  7:01  Stalker  
  83  7:06  Photon Cannon  
  85  7:09  Shield Battery  
  85  7:17  Robotics Facility  
  85  7:23  Photon Cannon  
  85  7:26  Pylon  
  85  7:29  Assimilator  
  85  7:32  Pylon, Probe x2  
  85  7:36  Shield Battery, Photon Cannon  
  87  7:40  Stalker x2  
  87  7:41  Stalker x2, Zealot  
  98  7:44  Extended Thermal Lance (Chrono Boost), Probe x2  
  98  7:49  Protoss Ground Weapons Level 1 (Chrono Boost)  
  99  8:00  Probe  
  100  8:09  Probe x2  
  100  8:12  Probe  
  103  8:21  Probe  
  103  8:24  Probe  
  103  8:26  Photon Cannon  
  105  8:27  Photon Cannon  
  105  8:31  Shield Battery  
  105  8:34  Pylon  
  105  8:36  Stalker x2  
  105  8:37  Zealot  
  105  8:39  Sentry  
  105  8:41  Pylon  
  113  8:43  Probe x2  
  111  8:57  Colossus (Chrono Boost)  
  117  9:08  Robotics Facility  
  117  9:12  Pylon, Robotics Facility  
  97  9:33  Stalker x2, Zealot  
  97  9:34  Zealot x2  
  107  9:38  Colossus (Chrono Boost)  
  89  9:57  Stalker  
  89  9:58  Stalker, Zealot  
  89  9:59  Zealot  
  93  10:00  Stalker  
  93  10:04  Colossus (Chrono Boost)  
  101  10:08  Colossus (Chrono Boost)  
  95  10:31  Stalker x4  
  95  10:39  Blink (Chrono Boost)  
  63  11:01  Stalker  
  63  11:02  Stalker, Zealot  
  63  11:03  Zealot  
  49  11:22  Stalker  
  49  11:23  Stalker  
  49  11:24  Stalker  
  49  11:25  Stalker  
  59  11:40  Immortal x2 (Chrono Boost)  
  59  11:47  Sentry x2  
  61  11:50  Stalker  
  65  11:55  Disruptor (Chrono Boost)  
  68  12:06  Probe (Chrono Boost)  
  68  12:16  Probe (Chrono Boost)  
  68  12:21  Probe (Chrono Boost)  
  68  12:22  Stalker  
  68  12:23  Stalker  
  73  12:42  Stalker, Pylon  
  73  12:43  Stalker  
  77  12:57  Immortal  
  77  12:58  Disruptor  
  90  13:22  Dark Shrine  
Show
View Real Time Build Order
Export as new Build Order

samytheth Terran - Winner!

Build Orders:  

Get SALT Encoding   

  12  0:00  SCV  
  13  0:12  SCV  
  14  0:17  Supply Depot  
  14  0:24  SCV  
  15  0:39  SCV  
  15  0:41  Barracks  
  16  0:46  Refinery  
  16  0:51  SCV  
  17  1:03  SCV  
  18  1:15  SCV  
  19  1:20  Barracks  
  19  1:28  Orbital Command  
  19  1:43  Barracks Reactor  
  19  1:59  Command Center  
  19  2:03  SCV  
  20  2:14  Supply Depot  
  20  2:20  Barracks Tech Lab  
  20  2:22  Marine x2  
  19  2:24  SCV  
  22  2:32  Factory  
  22  2:36  SCV  
  23  2:45  Marine x2  
  23  2:48  Marine  
  26  2:52  Stimpack  
  26  2:55  SCV  
  27  2:58  Refinery  
  27  3:06  Marine x2  
  27  3:07  SCV, Marine  
  32  3:18  Orbital Command  
  32  3:19  SCV  
  32  3:24  Marine x2  
  32  3:25  Marine  
  35  3:31  SCV  
  36  3:34  Factory Reactor  
  36  3:42  Starport  
  36  3:45  SCV x2  
  38  3:57  SCV  
  38  4:13  SCV x2  
  38  4:16  Marine  
  38  4:17  Marine x2  
  41  4:22  Factory Tech Lab  
  41  4:23  Refinery  
  43  4:25  SCV x2  
  43  4:27  Refinery  
  45  4:34  Marine  
  46  4:44  Supply Depot  
  46  4:48  Supply Depot  
  46  4:54  Supply Depot  
  46  4:59  Combat Shield  
  46  5:06  SCV x2, Marine x3, Medivac  
  53  5:10  Medivac  
  55  5:16  Siege Tank  
  55  5:18  SCV x2  
  60  5:23  Marine x2  
  60  5:24  Marine  
  63  5:30  SCV x2  
  63  5:32  Supply Depot  
  65  5:38  Medivac  
  65  5:41  Marine x3  
  70  5:53  SCV x2, Siege Tank  
  70  5:54  Supply Depot  
  75  5:58  Supply Depot  
  75  5:59  Marine  
  76  6:05  SCV x2  
  78  6:17  SCV x2, Medivac  
  78  6:18  Medivac  
  84  6:19  Supply Depot  
  84  6:20  Marine x3  
  84  6:25  Siege Tank  
  90  6:29  SCV x2  
  90  6:38  Marine  
  90  6:43  Supply Depot  
  90  6:54  Medivac x2  
  92  6:57  Siege Tank  
  92  6:59  Marine x2, Marauder  
  101  7:03  SCV x2  
  103  7:17  Marine x2  
  103  7:21  Marauder  
  107  7:23  Command Center  
  107  7:29  Siege Tank  
  110  7:33  SCV x2  
  110  7:34  Command Center  
  110  7:35  Marine x2  
  114  7:42  Marauder  
  116  7:45  SCV x2  
  118  8:09  Supply Depot x2  
  118  8:11  Supply Depot  
  118  8:13  Marine  
  118  8:14  Marine, SCV x2, Siege Tank, Marauder  
  127  8:26  SCV  
  128  8:29  Medivac x2  
  128  8:31  Marine  
  128  8:32  Marine  
  134  8:35  Marauder  
  136  8:46  Siege Tank  
  137  8:49  Marine x2  
  132  8:57  Marauder  
  134  9:05  Medivac x2  
  134  9:07  Marine x2  
  140  9:18  Marauder  
  131  9:25  Marine x2  
  131  9:30  Bunker  
  133  9:35  Medivac x2  
  137  9:40  Marauder  
  137  9:43  Marine x2  
  131  10:00  Marine  
  131  10:01  Marine, Marauder  
  131  10:05  Viking x2  
  139  10:16  Barracks  
  139  10:17  Barracks  
  139  10:18  Barracks x2, Marine  
  139  10:19  Barracks, Marine  
  141  10:22  Marauder  
  143  10:35  Viking x2  
  146  10:36  Marine x2  
  146  10:44  Marauder  
  146  10:54  Marine x2  
  135  11:05  Viking x2, Marauder  
  135  11:06  Barracks x2  
  129  11:22  Marine x2  
  129  11:25  Marine x4  
  129  11:26  Marine, Marauder  
  134  11:35  Viking x2, Siege Tank  
  134  11:36  SCV  
  134  11:39  SCV  
  143  11:40  Marine x2  
  143  11:43  Marine x5  
  143  11:45  Orbital Command  
  150  11:48  Marauder  
  150  11:50  Orbital Command  
  152  11:55  Refinery, Ghost Academy  
  152  11:58  Marine x2  
  152  12:01  Marine x5, Supply Depot  
  154  12:02  Supply Depot  
  154  12:05  Viking  
  161  12:09  Marauder  
  161  12:16  Marine x2  
  161  12:19  Marine x5  
  168  12:31  Marine x2, Marauder  
  168  12:34  Marine x2  
  168  12:36  Marine  
  168  12:37  Marine x4  
  178  12:49  Marine x2  
  180  12:51  Marine x2  
  180  12:52  Marauder  
  180  12:54  Marine x3  
  180  12:55  Marine x2  
  189  13:04  Siege Tank  
  192  13:07  Marine x2  
  192  13:09  Marine x2  
  192  13:12  Marine x4  
  198  13:13  Engineering Bay  
  198  13:14  Engineering Bay  
  198  13:16  Barracks Tech Lab  
  200  13:40  Armory  
Tags
 
Matchup
PvT
Spawn Locations
Cross Positions
Add a new tag
Caveats
  • Supply blocks, unpowered buildings, or Contaminate may cause inaccurate times.
  • Supply counts are checked every 10 seconds.